[Event "Late-Titled-Tuesday-Blitz-May-07-2024"]
[Site "Chess.com"]
[Date "2024.05.07"]
[Round "11"]
[White "NCchamp"]
[Black "PenguinPacks"]
[Result "0-1"]
[WhiteElo "2267"]
[BlackElo "2470"]
[TimeControl "180+1"]
[EndTime "16:07:21 PDT"]
[Termination "PenguinPacks won by checkmate"]

1. d4 Nf6 2. Bg5 g6 3. Bxf6 exf6 4. c4 d5 5. cxd5 Qxd5 6. Nc3 Bb4 7. e3 O-O 8. a3 Bxc3+ 9. bxc3 c6 10. Nf3 Re8 11. Be2 Nd7 12. O-O f5 13. Nd2 Nf6 14. c4 Qd6 15. c5 Qc7 16. Nc4 Be6 17. Nd6 Red8 18.
Qa4 Ne8 19. Nxe8 Rxe8 20. Rab1 Bd5 21. Bc4 Be4 22. Rb2 b5 23. cxb6 axb6 24. Qb3 b5 25. Bd3 Bd5 26. Qc3 Qd6 27. Ra1 f4 28. Bf1 fxe3 29.
fxe3 Qe7 30. Re2 Qe4 31. Ree1 Ra4 32. Qd3 Qg4 33. h3 Qd7 34. e4 Bc4 35. Qc3 Bxf1 36.
Rxf1 Qxd4+ 37. Qxd4 Rxd4 38. Rac1 Re6 39. Rf4 Ra4 40. Rc3 f6 41. Kf2 Kf7 42. g4 g5 43.
Rf5 Raxe4 44. Rfc5 Ra4 45. Rxc6 Rxc6 46. Rxc6 Rxa3 47. Rc7+ Kg6 48. Rb7 Rb3 49. Rb6 Rxh3 50. Rxb5 h5 51. gxh5+ Kxh5 52. Rb6 f5 53. Kg2 Ra3 54.
Rb8 Kg4 55. Rb4+ f4 56. Rb8 Ra2+ 57. Kf1 Kg3 58. Rb3+ f3 59. Rb2 Ra1+ 60. Rb1 Rxb1# 0-1

[Event "Late-Titled-Tuesday-Blitz-May-07-2024"]
[Site "Chess.com"]
[Date "2024.05.07"]
[Round "11"]
[White "ATM622"]
[Black "Meri-Arabidze"]
[Result "0-1"]
[WhiteElo "2546"]
[BlackElo "2728"]
[TimeControl "180+1"]
[EndTime "16:07:24 PDT"]
[Termination "Meri-Arabidze won by resignation"]

1. d4 Nf6 2. c4 e6 3. g3 d5 4. Bg2 Be7 5. Nf3 O-O 6. O-O dxc4 7. Ne5 Nc6 8. Bxc6 bxc6 9. Nxc6 Qe8 10. Nxe7+ Qxe7 11. Qc2 e5 12. dxe5 Qxe5 13. Bf4 Qc5 14. Nd2 Ba6 15.
Rac1 c3 16. Qxc3 Qxc3 17. Rxc3 Nd5 18. Rc5 Nxf4 19. gxf4 Bxe2 20. Re1 Bg4 21. Rxc7 a5 22. Kg2 a4 23. Kg3 Be6 24. a3 Rfb8 25. Nc4 g6 26.
Re2 Rb3+ 27. f3 Rd8 28. Re3 Bxc4 29. Rxb3 Bxb3 30. f5 gxf5 31. Kf4 Kg7 32. Kxf5 Rd2 33. h4 Rxb2 34. h5 h6 35. Ke5 Rh2 36. f4 Rxh5+ 37. f5 Be6 38. Ra7 Rxf5+ 39. Ke4 Rg5 40. Kf4 Bb3 41.
Rb7 Rg6 42. Kf5 h5 43. Rb4 Rg4 44. Rb6 Be6+ 45. Ke5 h4 46. Rb2 h3 47. Rh2 Rg2 48. Rh1 Rg3 49. Kf4 Rxa3 50. Rg1+ Kf6 51. Rf1 Ke7 52. Rb1 h2 53. Ke4 Rh3 54. Rh1 a3 55. Ke5 a2 56. Ke4 a1=Q 57. Rc1 Qxc1 0-1

[Event "Late-Titled-Tuesday-Blitz-May-07-2024"]
[Site "Chess.com"]
[Date "2024.05.07"]
[Round "11"]
[White "DominguezOnYoutube"]
[Black "GM_dmitrij"]
[Result "0-1"]
[WhiteElo "3017"]
[BlackElo "3052"]
[TimeControl "180+1"]
[EndTime "16:07:27 PDT"]
[Termination "GM_dmitrij won on time"]

1. e4 e5 2. Nf3 Nc6 3. Bb5 a6 4. Ba4 Nf6 5. O-O Bc5 6. c3 b5 7. Bb3 d6 8. d4 Bb6 9. Re1 O-O 10. Bg5 Rb8 11. h3 h6 12. Bh4 g5 13. Bg3 Bb7 14.
h4 g4 15. Nh2 h5 16. Qc1 Kh7 17. Bc2 Rg8 18. Nd2 Rg6 19. Ndf1 exd4 20. e5 dxe5 21. Bxg6+ fxg6 22. Bxe5 Nxe5 23. Rxe5 Qd6 24. Qg5 Rf8 25. Rae1 Rf7 26. Re6 Qd5 27. Qxd5 Bxd5 28. Re7 Bxa2 29. Ng3 Kg7 30. Nhf1 dxc3 31. Rxf7+ Bxf7 32. bxc3 Nd5 33. Ne4 a5 34. Nfg3 a4 35. Ng5 Bg8 36. N3e4 Ba5 37. Rc1 a3 38. Ra1 b4 39. cxb4 Bxb4 40. Kf1 c5 41. Nd6 Nf4 42. g3 Nd3 43. Ke2 Ne5 44.
Nge4 a2 45. Ke3 Bd5 46. Ke2 Nc4 47. Rd1 Nxd6 48. Nxd6 Bc3 0-1

[Event "Late-Titled-Tuesday-Blitz-May-07-2024"]
[Site "Chess.com"]
[Date "2024.05.07"]
[Round "11"]
[White "brouetoscope"]
[Black "nabukatnezarr"]
[Result "0-1"]
[WhiteElo "2360"]
[BlackElo "2599"]
[TimeControl "180+1"]
[EndTime "16:07:29 PDT"]
[Termination "nabukatnezarr won by checkmate"]

1. e4 c5 2. Nf3 Nc6 3. Bb5 g6 4. O-O Bg7 5. Re1 Nd4 6. Nxd4 cxd4 7. d3 a6 8. Ba4 e6 9. Bb3 Ne7 10. Nd2 O-O 11. f4 Nc6 12. a3 d6 13. Nf3 Bd7 14. Rf1 Kh8 15. Qe2 f5 16. Bd2 fxe4 17. dxe4 Na5 18.
Ba2 Bb5 19. Qf2 Bxf1 20. Rxf1 d5 21. e5 Nc6 22. Nxd4 Nxd4 23. Qxd4 Rc8 24. c3 Qh4 25. Be3 Rf7 26. Qd2 Bf8 27. Bb3 Bc5 28. Bxc5 Rxc5 29. g3 Qh3 30. Bd1 Rfc7 31. Be2 Kg7 32. Qe3 d4 33. Qxd4 Rd5 34. Qe3 Rcd7 35. b4 Rd2 36. Re1 Ra2 37. c4 Rdd2 38. c5 h5 39. Qf3 Kh6 40.
Qe3 Qf5 41. Kf2 Kg7 42. Qf3 g5 43. Qxb7+ Kh6 44. Qf3 gxf4 45. Qxf4+ Kg6 46. Qxf5+ Kxf5 47. Kf1 Kg5 48. h4+ Kh6 49. Bxa6 Rf2+ 50. Kg1 Rg2+ 51. Kf1 Raf2# 0-1

[Event "Late-Titled-Tuesday-Blitz-May-07-2024"]
[Site "Chess.com"]
[Date "2024.05.07"]
[Round "11"]
[White "Walter_White_Poland"]
[Black "Navyblue1"]
[Result "1/2-1/2"]
[WhiteElo "2401"]
[BlackElo "2240"]
[TimeControl "180+1"]
[EndTime "16:07:31 PDT"]
[Termination "Game drawn - insufficient material"]

1. e4 c5 2. Nf3 d6 3. d4 cxd4 4. Nxd4 Nf6 5. Nc3 a6 6. Bg5 Nbd7 7.
Bc4 Qb6 8. O-O Qxb2 9. Qd2 Qa3 10. Rfe1 Qc5 11. Bd5 e6 12. Rab1 Rb8 13. Na4 Qc7 14.
Rb3 Nc5 15. Rc3 Be7 16. Bb3 O-O 17.
Nxc5 dxc5 18. e5 Nd5 19. Bxd5 Bxg5 20. Qxg5 exd5 21. Rg3 g6 22. Nf3 Qd8 23. Qh6 Qe7 24. h4 Bf5 25. h5 Rbe8 26. Kh2 c4 27. Ng5 f6 28. exf6 Qd7 29. f7+ Rxf7 30. Nxf7 Qxf7 31. Rxe8+ Qxe8 32. hxg6 Bxg6 33. Qf4 Qf7 34. Qxf7+ Kxf7 35. c3 Ke6 36. Re3+ Kd6 37. f4 Bf5 38. Re5 Bb1 39. a3 Be4 40. g4 a5 41. Kg3 b5 42. Kf2 b4 43. axb4 axb4 44. cxb4 c3 45. Ke3 Kc6 46.
Re8 Kb5 47. Rc8 Kxb4 48. Kd4 c2 49. f5 Kb3 50. f6 Bg6 51. Kxd5 Kb2 52. Ke6 c1=Q 53.
Rxc1 Kxc1 54. f7 Bxf7+ 55. Kxf7 Kd2 56. Kg7 Ke3 57. Kxh7 Kf4 58. g5 Kxg5 1/2-1/2

[Event "Late-Titled-Tuesday-Blitz-May-07-2024"]
[Site "Chess.com"]
[Date "2024.05.07"]
[Round "11"]
[White "Hakiki_satranc"]
[Black "Nechitaylo_Nikita"]
[Result "1-0"]
[WhiteElo "2421"]
[BlackElo "2344"]
[TimeControl "180+1"]
[EndTime "16:07:32 PDT"]
[Termination "Hakiki_satranc won on time"]

1. e4 c5 2. Nf3 d6 3. d4 cxd4 4. Nxd4 Nf6 5. Bb5+ Nc6 6. Nxc6 bxc6 7. Bxc6+ Bd7 8.
Bxa8 Qxa8 9. f3 Bb5 10. b3 d5 11. exd5 Qb8 12. Bb2 e6 13. c4 Bxc4 14. Bxf6 gxf6 15. bxc4 Qe5+ 16. Qe2 Bb4+ 17. Kf1 Qxa1 18. Qc2 exd5 19. Qa4+ Kd8 20. Qxb4 dxc4 21. g3 c3 22. Kg2 Qxa2+ 23.
Kh3 Qe6+ 24. g4 c2 25. Qd2+ Ke7 26. Qxc2 Kf8 27. Qd2 Kg7 28. Re1 Qb3 29. Nc3 Rc8 30. Ne4 Qxf3+ 31. Ng3 a5 32. Rf1 Qa3 33.
Kh4 Qc3 34. Nf5+ Kf8 35. Qxc3 Rxc3 36. Rb1 Rc8 37. Rb5 Ra8 38. Rb3 a4 39. Ra3 Ke8 40.
Nd6+ Kd7 41. Nb5 Kc6 42. Nc3 Kc5 43. Rxa4 Rd8 44. Ne4+ Kb5 45. Ra7 Rd4 46. Ng3 f5 47. Nxf5 Rd2 48. h3 1-0

[Event "Late-Titled-Tuesday-Blitz-May-07-2024"]
[Site "Chess.com"]
[Date "2024.05.07"]
[Round "11"]
[White "Pig-filth"]
[Black "ToddBryant"]
[Result "1/2-1/2"]
[WhiteElo "2330"]
[BlackElo "2399"]
[TimeControl "180+1"]
[EndTime "16:07:35 PDT"]
[Termination "Game drawn by repetition"]

1. d4 Nf6 2. Bg5 g6 3. Bxf6 exf6 4. e3 d5 5. c4 dxc4 6. Bxc4 Bd6 7. Nc3 c6 8. Nge2 Qe7 9. Ng3 h5 10. Nge4 Bc7 11. a4 Bf5 12. Ng3 Bg4 13. Qb3 Ba5 14. h3 Bc8 15. O-O O-O 16. Rad1 Bc7 17. Nge2 Nd7 18.
Bd3 Nb6 19. a5 Be6 20. Qc2 Nc4 21. a6 b5 22. Be4 Kg7 23. Bxc6 Qd6 24. Nf4 Qxc6 25.
d5 Qxa6 26. dxe6 Bxf4 27. exf4 Qxe6 28. Rfe1 Qc6 29. f5 Rae8 30. Ne4 Ne5 31. Qb1 Nc4 32.
Qc2 Ne5 33. Qb1 Rd8 34. Ng3 h4 35. Nf1 g5 36. Ne3 Rc8 37. Rd5 Rfd8 38. Red1 Rxd5 39. Nxd5 Qc2 40. Qa1 a5 41. Ne3 Qe2 42. Qxa5 Nd3 43. Rf1 Re8 44. Qxb5 Rxe3 45. fxe3 Qxe3+ 46. Kh2 Nf4 47.
Rxf4 Qxf4+ 48. Kg1 Qc1+ 49. Kh2 Qf4+ 50. Kg1 Qe3+ 51.
Kh2 Qg3+ 52. Kg1 Qe1+ 53. Kh2 Qg3+ 54. Kg1 Qe1+ 55. Kh2 Qg3+ 1/2-1/2

[Event "Late-Titled-Tuesday-Blitz-May-07-2024"]
[Site "Chess.com"]
[Date "2024.05.07"]
[Round "11"]
[White "Kirill_Klukin"]
[Black "ReadySkate"]
[Result "1-0"]
[WhiteElo "2825"]
[BlackElo "2713"]
[TimeControl "180+1"]
[EndTime "16:07:36 PDT"]
[Termination "Kirill_Klukin won by resignation"]

1. d4 Nf6 2. Nf3 g6 3. e3 Bg7 4.
Be2 O-O 5. O-O d5 6. b4 b6 7. Bb2 Bb7 8. Nbd2 Nbd7 9. c4 c5 10. dxc5 bxc5 11. b5 Rc8 12. a4 Qc7 13. cxd5 Bxd5 14.
Rc1 Rfd8 15. Qc2 Qb8 16. Rfd1 Ng4 17. Bxg7 Kxg7 18. Qb2+ Kg8 19. h3 Nge5 20. Nxe5 Nxe5 21. Qa3 c4 22. Qxe7 c3 23. Nf1 c2 24. Rd4 Bb3 25.
Qb4 Rxd4 26. exd4 Bc4 27. Rxc2 Bxe2 28. Rxe2 Nd3 29. Qd2 Nf4 30. Re5 Ne6 31. Qe3 Rd8 32. d5 Nc7 33. Qe4 Ne8 34. Ne3 Nf6 35. Qd4 Nd7 36. Re7 Qd6 37. Re4 Rc8 38. g3 Nf6 39. Rf4 Nd7 40. Ng4 Rc1+ 41. Kg2 f5 42. Nh6+ Kf8 43.
Qh8+ Ke7 44. Qxh7+ Ke8 45. Qg8+ Ke7 46. Qg7+ Ke8 47. Qg8+ Ke7 48. Rf3 Ne5 49. Re3 Kd7 50.
Qg7+ Kc8 51. Qxe5 Qxd5+ 52. Qxd5 1-0

[Event "Late-Titled-Tuesday-Blitz-May-07-2024"]
[Site "Chess.com"]
[Date "2024.05.07"]
[Round "11"]
[White "th3d4rkness"]
[Black "VictorFcQNK"]
[Result "0-1"]
[WhiteElo "2215"]
[BlackElo "2118"]
[TimeControl "180+1"]
[EndTime "16:07:37 PDT"]
[Termination "VictorFcQNK won by resignation"]

1. e4 e6 2. d3 d5 3. Nd2 c5 4.
g3 Nf6 5. Bg2 Be7 6. Ngf3 O-O 7.
O-O Nc6 8. e5 Nd7 9. Re1 Qc7 10.
Qe2 b5 11. h4 a5 12. Nf1 a4 13.
a3 Ba6 14. Bf4 b4 15. Ne3 bxa3 16. bxa3 Qa5 17. c4 Nd4 18. Nxd4 cxd4 19. Nxd5 exd5 20.
Bxd5 Nc5 21. Bd2 Qc7 22. Qg4 Bc8 23. Qh5 Rb8 24. Bb4 Be6 25. Bxc5 Qxc5 26. Be4 g6 27. Qh6 Rb6 28. f4 Rfb8 29. h5 Bf8 30. Qg5 Qe7 31.
hxg6 hxg6 32. Qxe7 Bxe7 33. Rec1 Bc5 34. Ra2 Rb2 35.
Rxb2 Rxb2 36. Bc6 Rb3 37. Bxa4 Rxa3 38. Bc6 Rxd3 39. Rb1 Rxg3+ 40. Kf2 Rc3 41. Rb8+ Kg7 42. Rb5 Ba7 43. Rb7 Bc5 44. Bd5 d3+ 45. Ke1 Bxd5 46. cxd5 Be3 47. Rb1 Rc1+ 48. Rxc1 Bxc1 49. Kd1 d2 50. Ke2 Kf8 51. Kd1 Ke7 52. Ke2 Kd7 53. Kd1 Kc7 54. Ke2 Kb6 55. Kd1 Kc5 56. e6 fxe6 57. dxe6 Kd6 58. f5 gxf5 0-1

[Event "Late-Titled-Tuesday-Blitz-May-07-2024"]
[Site "Chess.com"]
[Date "2024.05.07"]
[Round "11"]
[White "XDPS"]
[Black "IMRosen"]
[Result "1-0"]
[WhiteElo "2827"]
[BlackElo "2638"]
[TimeControl "180+1"]
[EndTime "16:07:40 PDT"]
[Termination "XDPS won by resignation"]

1. d4 a5 2. e4 Ra6 3. Bxa6 Nxa6 4. Nf3 g6 5. O-O Bg7 6. c3 b6 7. Re1 Bb7 8. Bg5 h6 9. Bh4 g5 10. Bg3 e6 11. Na3 Ne7 12. Nd2 Ng6 13. Nac4 h5 14. h3 Qa8 15. a4 d6 16. Qf3 Nb8 17. Bxd6 g4 18. hxg4 hxg4 19. Qxg4 cxd6 20. Nxd6+ Ke7 21. N2c4 Nd7 22. d5 Rh4 23. Qg3 Qh8 24. f3 Bf6 25.
dxe6 Rh1+ 26. Kf2 Bd4+ 27. Ke2 Rxe1+ 28. Rxe1 Bc5 29. Nxb7 Kxe6 30. Rd1 Qh6 31. Rd6+ Ke7 32. Nxc5 Nxc5 33. Rd2 Nf4+ 34. Kd1 Qh1+ 35. Kc2 Nce6 36. Nxb6 Qa1 37. Nd5+ Kf8 38. Nxf4 Qxa4+ 39. Kb1 Nxf4 40.
Qxf4 Qe8 41. Qd6+ Kg7 42. Rd5 f6 43. Qd7+ Qf7 44. Qb5 a4 45. Rd7 a3 46. Rxf7+ Kxf7 47. bxa3 Kg6 48. a4 Kh6 49. Qa5 Kg6 50. Qb4 Kh6 51.
a5 Kg5 52. a6 f5 53. Qe7+ Kf4 54. Qd6+ Kg5 55. Qg3+ Kf6 56. Qf4 Kg6 57. Qxf5+ 1-0

[Event "Late-Titled-Tuesday-Blitz-May-07-2024"]
[Site "Chess.com"]
[Date "2024.05.07"]
[Round "11"]
[White "dolynachess"]
[Black "GlavkonVVS"]
[Result "1-0"]
[WhiteElo "2535"]
[BlackElo "2643"]
[TimeControl "180+1"]
[EndTime "16:07:41 PDT"]
[Termination "dolynachess won by resignation"]

1. d4 Nf6 2. c4 c5 3. Nf3 cxd4 4.
Nxd4 Nc6 5. g3 d6 6. Bg2 Bd7 7. O-O e6 8. Nc3 a6 9. b3 Rc8 10. Bb2 Be7 11. Rc1 O-O 12. Qd2 Qa5 13. Rfd1 Nxd4 14. Qxd4 b5 15. cxb5 axb5 16. a3 d5 17. b4 Qa6 18. e4 Rc4 19. Qe3 Ng4 20. Qe2 d4 21. Qxg4 dxc3 22. Bxc3 Rxc3 23. Rxc3 Bf6 24.
Re3 Bc8 25. e5 Be7 26. Qe4 Qa7 27. Rc3 h5 28. Qc6 h4 29. Qc7 Qa4 30. Rd4 Bg5 31.
f4 Bh6 32. Rd8 Kh7 33. Be4+ g6 34. Rxf8 Qd1+ 35. Kg2 h3+ 36. Kxh3 Qh5+ 37. Kg2 Qe2+ 38. Kg1 Qe1+ 39. Kg2 Qxe4+ 40. Kf2 Qd4+ 41. Re3 Qd2+ 42.
Re2 Qd4+ 43. Re3 Bxf8 44. Qxc8 g5 45. Qc3 Qd5 46. Qd3+ Kg7 47. Qxd5 exd5 48. Rd3 gxf4 49. gxf4 Kg6 50. Kf3 Kf5 51. Rxd5 Be7 52. Rxb5 Ke6 53.
Rb7 Bh4 54. b5 Kd5 55. a4 Kc5 56. a5 Bd8 57. a6 Bb6 58. a7 Bxa7 59. Rxa7 Kxb5 60.
Rxf7 Kc4 61. Rf6 1-0

[Event "Late-Titled-Tuesday-Blitz-May-07-2024"]
[Site "Chess.com"]
[Date "2024.05.07"]
[Round "11"]
[White "GianmarcoVaR"]
[Black "KaydenTroffChess"]
[Result "0-1"]
[WhiteElo "2788"]
[BlackElo "2881"]
[TimeControl "180+1"]
[EndTime "16:07:43 PDT"]
[Termination "KaydenTroffChess won by resignation"]

1. e4 c5 2. Nf3 g6 3. c3 Bg7 4. d4 cxd4 5. cxd4 d5 6. e5 Nc6 7. h3 Nh6 8. Bd3 O-O 9. Nc3 f6 10.
exf6 exf6 11. O-O Nf5 12. Bc2 Be6 13. Re1 Qd7 14. Bf4 Bf7 15. Nb5 a6 16. Nc3 b5 17.
Qd2 Nd6 18. Bxd6 Qxd6 19. a4 b4 20. Ne2 Na5 21. Qf4 Qxf4 22. Nxf4 Rac8 23. Bd3 Bh6 24. Ne6 Bxe6 25. Rxe6 Nc4 26. b3 Na5 27. Rb1 Rc3 28. Bxa6 Rb8 29. Rd6 Nxb3 30. Rxd5 Rc1+ 31. Rxc1 Nxc1 32.
Bc4 Kf8 33. Rb5 Rxb5 34. axb5 b3 35. Bxb3 Nxb3 36. b6 Bf4 37. Kf1 Ke7 38. Ke2 Kd7 39.
Kd3 Kc6 40. Ke4 Bd6 41. g4 Na5 42. h4 Nc4 43. g5 f5+ 44. Kd3 Nxb6 45. h5 Nd5 46. hxg6 hxg6 47. Kc4 Ne7 48. Nh4 Bf4 49. Nf3 Kd6 50. Kc3 Kd5 51. Kd3 Nc6 52. Nh4 Ne7 53. Nf3 Bc1 54. Kc2 Ke4 55. d5 Kxf3 56. d6 Bxg5 0-1

[Event "Late-Titled-Tuesday-Blitz-May-07-2024"]
[Site "Chess.com"]
[Date "2024.05.07"]
[Round "11"]
[White "ansko1999"]
[Black "Zhigalko_Sergei"]
[Result "0-1"]
[WhiteElo "2653"]
[BlackElo "2870"]
[TimeControl "180+1"]
[EndTime "16:07:45 PDT"]
[Termination "Zhigalko_Sergei won by resignation"]

1. c4 e5 2. Nf3 Nc6 3. d4 exd4 4.
Nxd4 Bc5 5. Nb3 Bb4+ 6. Bd2 Bxd2+ 7.
Qxd2 Nf6 8. Nc3 O-O 9. e3 d6 10. Be2 Re8 11. O-O Be6 12. Nd4 Nxd4 13. Qxd4 Nd7 14.
b3 a5 15. Rad1 Qg5 16. f4 Qg6 17. Bd3 f5 18. e4 Nf6 19. exf5 Bxf5 20. Bxf5 Qxf5 21.
Nd5 Nxd5 22. Qxd5+ Qxd5 23. cxd5 a4 24. Rfe1 Kf7 25. Rxe8 Kxe8 26. Re1+ Kd7 27. b4 a3 28. Re3 Ra4 29. Rg3 g6 30. Rb3 c6 31. dxc6+ Kxc6 32. g4 Kd5 33. Kf2 Ke4 34. Kg3 d5 35. f5 gxf5 36. gxf5 Kxf5 37. Kf3 d4 38. h4 Ke5 39. h5 Ra6 40. b5 Ra4 41. h6 Kd5 42. Kf4 Ra5 43. Kf5 Kc4 44. Kf6 d3 45. Kg7 d2 46.
Rb1 Rxb5 47. Rd1 Kc3 48. Kxh7 Kc2 49. Rh1 d1=Q 50. Rxd1 Kxd1 51. Kg7 Rg5+ 52. Kf6 Rh5 53. Kg6 Rh2 54. h7 Kc2 55. h8=Q Rxh8 0-1

[Event "Late-Titled-Tuesday-Blitz-May-07-2024"]
[Site "Chess.com"]
[Date "2024.05.07"]
[Round "11"]
[White "Temirlan_Baltabaev"]
[Black "emeli_chess"]
[Result "1-0"]
[WhiteElo "2565"]
[BlackElo "2447"]
[TimeControl "180+1"]
[EndTime "16:07:48 PDT"]
[Termination "Temirlan_Baltabaev won by resignation"]

1. d4 Nf6 2. Nf3 d5 3. g3 Bg4 4. Bg2 Nbd7 5. O-O e6 6. c4 c6 7. Nc3 Bd6 8. b3 O-O 9. Bb2 Qe7 10. Re1 Ba3 11. Qd2 Bxb2 12. Qxb2 Rfe8 13. e4 dxe4 14. Nxe4 Nxe4 15. Rxe4 Bf5 16. Re3 a5 17. d5 cxd5 18.
cxd5 Qf6 19. Qxf6 Nxf6 20. dxe6 Bxe6 21. Nd4 Bd5 22. Rae1 Rxe3 23. Rxe3 Bxg2 24. Kxg2 Kf8 25. Nb5 a4 26. Nd6 axb3 27. axb3 b6 28. Rc3 Nd5 29.
Rd3 Nf6 30. Nc4 b5 31. Nd6 b4 32. Nc4 Ke7 33. Kf3 Rd8 34. Re3+ Kd7 35. Ne5+ Kc7 36. Nxf7 Nd5 37. Rd3 Rf8 38. Rxd5 Rxf7+ 39. Ke3 Kc6 40. Rd4 Kc5 41. Rc4+ Kb5 42. f4 Ra7 43. Rd4 Ra3 44.
Rd5+ Kc6 45. Rd3 Kc5 46. h4 Ra1 47. Ke4 Re1+ 48. Re3 Rc1 49. f5 h5 50. Kf4 Rc3 51.
Re7 Rxb3 52. Rxg7 Rc3 53. Rb7 b3 54. f6 Kc4 55. f7 Rc2 56. Kg5 Rf2 57. Kxh5 b2 58.
Rxb2 Rxf7 59. Rd2 Kc3 60. Rd8 Kc4 61. g4 Rf8 62. Rxf8 1-0

[Event "Late-Titled-Tuesday-Blitz-May-07-2024"]
[Site "Chess.com"]
[Date "2024.05.07"]
[Round "11"]
[White "stollenmonster"]
[Black "grzechu96"]
[Result "0-1"]
[WhiteElo "2862"]
[BlackElo "2801"]
[TimeControl "180+1"]
[EndTime "16:07:50 PDT"]
[Termination "grzechu96 won by checkmate"]

1. e4 c5 2. Nf3 d6 3. d4 cxd4 4. Nxd4 Nf6 5. Nc3 a6 6. a4 e6 7. g3 b6 8. Bg2 Bb7 9. O-O Qc7 10.
Re1 Be7 11. Nb1 Nbd7 12. b3 d5 13. exd5 Nxd5 14. Nf5 Bf6 15. Bxd5 Bxd5 16. Bf4 Qc6 17. Nd6+ Kf8 18. Nd2 g5 19. Qh5 Ke7 20. Qxf7+ Kd8 21.
N2e4 gxf4 22. Nxf6 Qxd6 23. Nxd7 Qxd7 24. Qxf4 Kc8 25. c4 Bb7 26. Rad1 Qc6 27. f3 Qxf3 28. Qxf3 Bxf3 29. Rd6 Bg4 30. Rxb6 Kc7 31. c5 Rhb8 32. a5 Rxb6 33. cxb6+ Kc6 34. Re5 Kd6 35. Rg5 Bf5 36.
Rg7 Kc6 37. Rc7+ Kb5 38. Ra7 Rxa7 39. bxa7 Be4 40. Kf2 Kxa5 41. Ke3 Ba8 42. Kf4 Kb4 43. Kg5 Kxb3 44. Kh6 a5 45. Kxh7 a4 46. g4 a3 47.
g5 a2 48. g6 a1=Q 49. g7 Be4+ 50. Kh8 Qf6 51. h3 e5 52. Kg8 Bd5+ 53. Kh7 Qd8 54.
h4 e4 55. h5 e3 56. h6 e2 57. a8=Q Qxa8 58. Kg6 e1=Q 59. h7 Qe4+ 60. Kf6 Qd8# 0-1

[Event "Late-Titled-Tuesday-Blitz-May-07-2024"]
[Site "Chess.com"]
[Date "2024.05.07"]
[Round "11"]
[White "bancsoo"]
[Black "The_Machine04"]
[Result "1-0"]
[WhiteElo "2869"]
[BlackElo "2781"]
[TimeControl "180+1"]
[EndTime "16:07:51 PDT"]
[Termination "bancsoo won by checkmate"]

1. Nf3 Nf6 2. d4 d6 3. Bf4 g6 4. c3 Bg7 5. e3 O-O 6. h3 Nc6 7. Bh2 Re8 8. Be2 Bf5 9. O-O e5 10. Nbd2 e4 11. Ne1 h5 12. b4 Nh7 13. Kh1 h4 14. Bg4 Qd7 15. Nc2 Nf6 16. Bxf5 Qxf5 17. Qe2 Nd5 18. Qc4 Nb6 19. Qb3 a5 20. a4 g5 21. b5 Ne7 22. f3 exf3 23. Rxf3 Qe6 24. e4 Qxb3 25. Nxb3 Nc4 26. Bg1 Ng6 27. Ne3 Nxe3 28. Rxe3 b6 29. Rae1 Re7 30. Nd2 Rae8 31. Nc4 Bh6 32. e5 dxe5 33. dxe5 Bg7 34. Bh2 Bh6 35.
Re4 Re6 36. Ne3 Bg7 37. Nd5 Rc8 38. c4 Kh7 39. Kg1 Bf8 40. Kf1 Bc5 41. Nf6+ Kg7 42.
Rd1 Nf4 43. Bxf4 gxf4 44. Ng4 Rce8 45. Rxf4 Rxe5 46. Nxe5 Rxe5 47. Rd7 Bd6 48. Rdxf7+ Kg6 49. R7f6+ Kg7 50. R6f5 Re3 51. Rg4+ Kh6 52. Rxh4+ Kg6 53. Rf3 Re6 54. Rg4+ Kh5 55. Rf5+ Kh6 56. h4 Re3 57.
Rfg5 Bb4 58. Kf2 Bc5 59. Rxc5 Rb3 60. Rc6+ Kh5 61. Rg8 Kxh4 62. Rh6# 1-0

[Event "Late-Titled-Tuesday-Blitz-May-07-2024"]
[Site "Chess.com"]
[Date "2024.05.07"]
[Round "11"]
[White "Franmu14"]
[Black "bazar-wokzal"]
[Result "1/2-1/2"]
[WhiteElo "2739"]
[BlackElo "2616"]
[TimeControl "180+1"]
[EndTime "16:07:52 PDT"]
[Termination "Game drawn by stalemate"]

1. e4 Nc6 2. Nc3 Nf6 3. Nf3 d5 4. exd5 Nxd5 5. d4 Bg4 6. Bb5 Nxc3 7. bxc3 Qd5 8. Be2 e5 9. h3 Bxf3 10. Bxf3 e4 11. Be2 Bd6 12. Be3 O-O 13. Rb1 Rab8 14.
O-O b5 15. Rxb5 Rxb5 16. c4 Qe6 17. cxb5 Na5 18. Qd2 Qxa2 19. Qc3 Qa3 20. Qxa3 Bxa3 21. Ra1 Bb4 22. c4 f5 23. g3 g5 24. d5 f4 25.
Bxa7 Nb3 26. Rb1 Bc5 27. Bxc5 Nxc5 28. Ra1 Kg7 29. Ra7 Rf7 30. Bg4 Kf6 31. Be6 Nxe6 32.
Ra6 Re7 33. c5 Ke5 34. dxe6 Rxe6 35. Ra7 c6 36. gxf4+ gxf4 37. b6 Re8 38. Rxh7 Kd5 39. Rh5+ Kd4 40. Rf5 f3 41. b7 Rb8 42. Rf7 Kxc5 43. h4 Kd4 44. h5 c5 45. Kf1 c4 46.
Ke1 c3 47. Kd1 e3 48. fxe3+ Kxe3 49. h6 f2 50. h7 Rxb7 51. Rxf2 Rxh7 52. Rg2 Kd3 53. Rg3+ Kc4 54. Rg8 Rh1+ 55. Kc2 Rh2+ 56. Kc1 Rh5 57. Rc8+ Rc5 58. Rxc5+ Kxc5 59. Kc2 Kc4 60.
Kc1 Kd3 61. Kd1 c2+ 62. Kc1 Kc3 1/2-1/2

[Event "Late-Titled-Tuesday-Blitz-May-07-2024"]
[Site "Chess.com"]
[Date "2024.05.07"]
[Round "11"]
[White "Naoki"]
[Black "YouShallNotPass001"]
[Result "0-1"]
[WhiteElo "2589"]
[BlackElo "2499"]
[TimeControl "180+1"]
[EndTime "16:07:53 PDT"]
[Termination "YouShallNotPass001 won by resignation"]

1. d4 Nf6 2. Nc3 e6 3. Bf4 c5 4. e3 cxd4 5. exd4 Be7 6. Bd3 b6 7. Qf3 Nc6 8. Nge2 Bb7 9. Qe3 Nb4 10. O-O Nxd3 11. Qxd3 O-O 12. h3 a6 13. Rad1 b5 14. a3 h6 15. Bh2 Qb6 16. Nf4 Rfc8 17. Rfe1 b4 18. axb4 Qxb4 19. Rb1 Rc4 20. Nfe2 Rac8 21. Be5 d6 22. Bh2 Qb6 23. b3 Rxc3 24. Nxc3 Qc6 25.
d5 Qxc3 26. dxe6 Qc6 27. exf7+ Kxf7 28. f3 Qxc2 29. Qxc2 Rxc2 30. Rbc1 Rc5 31. b4 Rc6 32. Rxc6 Bxc6 33. Rc1 Bb5 34. Rc7 Ke6 35. Ra7 Nd5 36. f4 g6 37. g4 h5 38. Bg3 hxg4 39.
hxg4 Bf6 40. f5+ gxf5 41. gxf5+ Kxf5 42. Rb7 Be5 43. Be1 Ke4 44. Rh7 Nf4 45. Bd2 Bd4+ 46. Kh2 Be5 47. Rh4 d5 48. Kg3 d4 49. Bxf4 Bxf4+ 50.
Rxf4+ Kd3 51. Kf3 Kc3 52. Rf5 d3 53. Rc5+ Kd2 54. Ke4 Ke2 55. Rh5 d2 56. Rh2+ Ke1 57.
Rh1+ Ke2 58. Rh2+ Ke1 59. Rh1+ Bf1 60. Rh2 d1=Q 61. b5 Qb3 62. bxa6 Qa4+ 63. Kf3 Qxa6 64.
Kg3 Qd3+ 65. Kh4 Qe4+ 0-1

[Event "Late-Titled-Tuesday-Blitz-May-07-2024"]
[Site "Chess.com"]
[Date "2024.05.07"]
[Round "11"]
[White "Supelyel"]
[Black "NelsonLinda"]
[Result "0-1"]
[WhiteElo "2421"]
[BlackElo "2597"]
[TimeControl "180+1"]
[EndTime "16:07:53 PDT"]
[Termination "NelsonLinda won by resignation"]

1. c4 a6 2. Nc3 d6 3. Nf3 e5 4.
g3 Nf6 5. d3 Be7 6. Bg5 Nbd7 7.
Bxf6 Nxf6 8. Bg2 O-O 9. O-O Rb8 10. Rb1 b5 11. b4 c6 12. a4 Be6 13. Nd2 Qd7 14.
Qc2 d5 15. axb5 axb5 16. c5 d4 17. Nce4 Nd5 18. Rfc1 Rfc8 19. Nd6 Bxd6 20. Bxd5 cxd5 21. Qb2 Be7 22. Ra1 h5 23. Nb3 h4 24. Ra6 Rc6 25. Rca1 Rxa6 26. Rxa6 Rc8 27. Qa2 Bg5 28. Ra7 Qd8 29. Qb1 Qf6 30. Na5 Bg4 31. Qf1 Bd2 32.
f3 hxg3 33. hxg3 Be3+ 34. Kg2 Be6 35. Qh1 Qg5 36. Qh4 Qxh4 37. gxh4 Bd2 38. Nb7 Bxb4 39. Ra6 Bxc5 40. Ra5 Bf8 41. Rxb5 Rb8 42. Rb3 Bc8 43. Na5 Rxb3 44. Nxb3 Be6 45. Kg3 Kh7 46. Nd2 Kh6 47. Nb3 Kh5 48. Na5 Be7 49. Nc6 Bxh4+ 50. Kg2 Bf6 51. Kf2 Bd7 52. Nb4 Be6 53. Nc6 Kg5 54.
Kg3 Kf5 55. Nb4 Be7 56. Nc6 Bd6 57. Kf2 Bd7 58. Nd8 Kf6 59. Kg2 Ke7 60. Nb7 Bb4 61. Kg3 Bc6 0-1

[Event "Late-Titled-Tuesday-Blitz-May-07-2024"]
[Site "Chess.com"]
[Date "2024.05.07"]
[Round "11"]
[White "N_Mullodzhanov"]
[Black "WPWPWP-2015"]
[Result "1-0"]
[WhiteElo "2562"]
[BlackElo "2442"]
[TimeControl "180+1"]
[EndTime "16:07:57 PDT"]
[Termination "N_Mullodzhanov won on time"]

1. e4 c5 2. c3 e5 3. Nf3 Nc6 4.
Bc4 Be7 5. O-O Nf6 6. d4 cxd4 7. cxd4 d6 8. Nc3 O-O 9. h3 Nxe4 10. Nxe4 d5 11. Nxe5 dxc4 12. Nxc6 bxc6 13. Bf4 Be6 14.
Re1 Bb4 15. Bd2 a5 16. a3 Be7 17. Bc3 Bd5 18. Ng3 g6 19. Qd2 Bg5 20. f4 Bh6 21. Kh2 Qd6 22. Rf1 Qc7 23. Rae1 f5 24. Re2 Ra7 25. Re5 Bg7 26. Re2 Bh6 27. a4 Rfa8 28. Re5 Bg7 29. Rfe1 Qf7 30. Qf2 Bxe5 31. dxe5 Qe6 32. Ne2 Qe7 33. Nd4 Be4 34. g4 c5 35. Nb5 Rd7 36. Nd6 Rxd6 37. exd6 Qxd6 38. Be5 Qd3 39. Re3 Qd1 40. Re1 Qd3 41. Re3 Qd5 42. Qe2 Rd8 43. Bc3 Kf7 44. Bxa5 Rb8 45. Bc3 Rb7 46.
a5 Bd3 47. Qg2 Be4 48. Qf2 Rd7 49. Qe2 Qe6 50. Kg3 Rd3 51. Rxd3 cxd3 52. Qe3 Qd5 53. g5 Bh1 54. Bf6 Be4 55. a6 d2 56.
Bc3 d1=Q 57. a7 1-0